AoeStats
← Light Cav OP

Arena

509998143Analyzed
1v1 RM · 2d ago on Sep 29, 2026· 42m 30s· 2 players
Game mode
Random Map
Map size
Tiny (2 player)
Population
200
Speed
Normal
Resources
Standard
Victory
Conquest
Starting age
Dark Age
Ending age
Imperial Age
RankedLock teamsTeams togetherTeam positionsShared explorationLock speedFull tech treeHidden civsTurbo modeCheats
Victory
Defeat
🇺🇸 Tatars · United States
2121
+14
🇧🇷 Turks · Brazil
2067
-14
Sung Jinwoo
9:50 Feudal Age
10:21 Feudal Age
14:25 Castle Age
12:12 Double-Bit Axe
12:51 Horse Collar
15:22 Bow Saw
18:28 Wheelbarrow
21:57 Gold Mining
25:02 Imperial Age
22:26 Loom
22:32 Town Watch
23:53 Padded Archer Armor
23:46 Gold Mining
24:00 Heavy Plow
25:09 Leather Archer Armor
26:02 Gold Shaft Mining
29:45 Ring Archer Armor
36:12 Scale Barding Armor
37:51 Chain Barding Armor
38:11 Bloodlines
39:13 Forging
40:30 Plate Barding Armor
40:16 Fletching
42:46 Bodkin Arrow
Light Cav OP
7:16 Loom
11:55 Feudal Age
12:26 Double-Bit Axe
12:27 Horse Collar
15:26 Castle Age
13:54 Gold Mining
18:01 Bow Saw
18:42 Heavy Plow
21:37 Wheelbarrow
24:11 Gold Shaft Mining
24:52 Hand Cart
27:48 Imperial Age
25:43 Fletching
26:29 Town Watch
26:45 Bodkin Arrow
26:56 Padded Archer Armor
27:19 Ballistics
27:52 Bloodlines
27:42 Husbandry
28:12 Silk Armor
27:58 Heavy Cavalry Archer
29:02 Bracer
30:17 Chemistry
29:50 Conscription
30:06 Leather Archer Armor
31:30 Ring Archer Armor
32:25 Scale Barding Armor
31:42 Light Cavalry
33:35 Chain Barding Armor
36:06 Plate Barding Armor
36:41 Forging
39:20 Iron Casting
43:56 Blast Furnace
43:07 Guilds
Connection lost

Rejoining the realm…

Still unreachable

The connection could not be restored.

Session expired

The server has moved on; the page needs a fresh start.